 Dungeon Crawl Stone Soup version 0.27-a0-1006-g1fd4cec11e (console) character file.

Game seed: 3028465865837599903

3455 jejorda2 the Impaler (level 10, -3/76 HPs)
             Began as a Merfolk Berserker on Apr 17, 2021.
             Was a Believer of Trog.
             Slain by Harold
             ... wielding a +0 flail
              (11 damage)
             ... on level 7 of the Dungeon.
             The game lasted 00:14:01 (8053 turns).

jejorda2 the Impaler (Merfolk Berserker)            Turns: 8053, Time: 00:14:03

Health: -3/76      AC: 13    Str: 21    XL:     10   Next: 6%
Magic:  3/3        EV:  9    Int:  6    God:    Trog [**....]
Gold:   311        SH:  0    Dex: 14    Spells: 9/9 levels left

rFire    + . .     SeeInvis .   a - +0 halberd (antimagic)
rCold    . . .     Faith    .   (shield currently unavailable)
rNeg     . . .     Spirit   .   j - +1 chain mail {rF+}
rPois    +         Reflect  .   q - +0 helmet
rElec    .         Harm     .   (no cloak)
rCorr    .         Rampage  .   (no gloves)
Will     +....                  s - +0 pair of boots
Stlth    ..........             (no amulet)
HPRegen  0.22/turn              u - ring of poison resistance
MPRegen  0.08/turn              o - ring of willpower

@: marked
A: (nimble swimmer 2), mertail
a: Renounce Religion, Berserk, Trog's Hand


You were on level 7 of the Dungeon.
You worshipped Trog.
Trog was pleased with you.
You visited 1 branch of the dungeon, and saw 7 of its levels.

You collected 415 gold pieces.
You spent 104 gold pieces at shops.

Inventory:

Hand Weapons
 a - a +0 antimagic halberd (weapon)
 d - a +0 glaive
 h - a +1 trident
Missiles
 g - 28 poisoned darts (quivered)
 p - 2 javelins
Armour
 j - a +1 chain mail of fire resistance (worn)
 q - a +0 helmet (worn)
 s - a +0 pair of boots (worn)
Jewellery
 l - a ring of positive energy
 o - a ring of willpower (right hand)
 u - a ring of poison resistance (left hand)
Wands
 n - a wand of flame (7)
 t - a wand of paralysis (5)
Scrolls
 e - 4 scrolls of teleportation
 k - 2 scrolls of magic mapping
 w - a scroll of noise {unknown}
Potions
 b - a potion of resistance
 c - 4 potions of heal wounds
 f - 2 potions of lignification
 i - a potion of magic {unknown}
 m - a potion of berserk rage
 r - a potion of flight {unknown}
 v - 7 potions of curing


   Skills:
 - Level 6.0 Fighting
 * Level 15.0 Polearms
 - Level 6.0 Armour
 - Level 2.6 Dodging


You had 9 spell levels left.
You didn't know any spells.
Your spell library was empty.

Dungeon Overview and Level Annotations

Branches:
Dungeon (7/15)             Temple (0/1) D:6

Altars:
Gozag
Ru
Sif Muna

Shops:
D:4 !

Annotations:
D:7 Harold


Innate Abilities, Weirdness & Mutations

((You are quick and stealthy near water. (Stealth+, EV+, Speed+++)))
Your lower body shifts to a powerful aquatic tail in water.


Message History

Harold points at you and mumbles some strange words.
A sentinel's mark forms upon you.
Harold throws a throwing net.
The throwing net completely misses you. Harold fires a harpoon shot at you.
The harpoon shot hits you!
You are yanked forward by the harpoon shot.
You hit Harold but do no damage. You slash Harold!
Harold's magic leaks into the air.
Harold is lightly wounded.
Harold hits you with a +0 flail!
You hit Harold but do no damage.
Harold is lightly wounded.
Harold closely misses you.
You barely miss Harold.
Harold is lightly wounded.
Harold hits you with a +0 flail!
You hit Harold but do no damage.
Harold is lightly wounded.
You closely miss Harold.
Harold is lightly wounded.
Harold hits you with a +0 flail.
You barely miss Harold.
Harold is lightly wounded.
Harold hits you with a +0 flail.
You slash Harold!
Harold's magic leaks into the air.
Harold is moderately wounded.
Harold hits you but does no damage.
You slash Harold!
Harold's magic leaks into the air.
Harold is heavily wounded.
You slash Harold!
Harold's magic leaks into the air.
Harold is severely wounded.
Harold hits you with a +0 flail!
You hit Harold but do no damage.
Harold is severely wounded.
Harold hits you with a +0 flail!
* * * LOW HITPOINT WARNING * * *
You slash Harold!
Harold's magic leaks into the air.
Harold is severely wounded.
Harold hits you with a +0 flail!
You die...

.########## #........#
###.......# #........#
#.......# #........#
#.......#########........#
#...............##########
########..(.......#
..................#
..................#
................@@#
########..........# #
############ ############
# #..........# ######
#..........# .....#
###########..........#
.^...#
#.............)......#
...[.#
#....................#
.....#
#....................#


You could see Harold.

Vanquished Creatures
  Pikel (D:6)
  A manticore (D:7)
  Joseph (D:7)
  A troll (D:7)
  Menkaure (D:7)
  A black bear (D:7)
  2 orc warriors
  An ice beast (D:6)
  A necrophage (D:4)
  2 centaurs
  3 ogres
  A phantom (D:4)
  A lemure (D:6)
  A scorpion (D:7)
  5 killer bees (D:7)
  A water moccasin skeleton (D:4)
  The ghost of Zeld the Skirmisher, a weakling OpFi (D:3)
  A bullfrog zombie (D:6)
  3 quasits (D:3)
  A centaur zombie (D:4)
  A bullfrog skeleton (D:6)
  A hound (D:5)
  A jelly (D:7)
  An orc priest (D:7)
  A centaur skeleton (D:5)
  A gnoll shaman (D:7)
  An iguana (D:5)
  5 orc wizards
  A killer bee zombie (D:6)
  4 adders
  7 gnolls
  A white imp (D:7)
  2 ufetubi
  2 worms
  A dart slug (D:5)
  8 orcs
  2 bats (D:3)
  7 endoplasms
  2 giant cockroaches
  7 goblins
  8 hobgoblins
  6 jackals (D:3)
  3 kobolds
  2 ball pythons
  2 frilled lizards
  2 rats
109 creatures vanquished.

Notes
Turn   | Place    | Note
-------+----------+-------------------------------------------
     0 | D:1      | jejorda2 the Merfolk Berserker began the quest for the Orb.
     0 | D:1      | Reached XP level 1. HP: 18/18 MP: 1/1
   390 | D:1      | Reached XP level 2. HP: 19/24 MP: 2/2
   625 | D:1      | Reached skill level 5 in Polearms
  1339 | D:2      | Reached XP level 3. HP: 24/29 MP: 3/3
  2018 | D:3      | Reached ** piety under Trog
  2020 | D:3      | Reached XP level 4. HP: 17/34 MP: 4/4
  2357 | D:3      | Reached skill level 6 in Polearms
  2386 | D:3      | Found a transporter.
  2388 | D:3      | Noticed Zeld's ghost (weakling OpFi)
  2407 | D:3      | Found a transporter.
  2654 | D:3      | Found a faded altar of an unknown god.
  2720 | D:4      | Reached XP level 5. HP: 40/42 MP: 5/5
  2813 | D:4      | Noticed an ogre
  2822 | D:4      | Killed an ogre
  2823 | D:4      | Reached skill level 7 in Polearms
  2823 | D:4      | Reached XP level 6. HP: 49/49 MP: 6/6
  2902 | D:4      | Found a sacrificial altar of Ru.
  2904 | D:4      | Found an opulent altar of Gozag.
  3145 | D:4      | Noticed a necrophage
  3152 | D:4      | Killed a necrophage
  3335 | D:4      | Reached skill level 8 in Polearms
  3651 | D:4      | Found Miuwk's Distillery.
  3659 | D:4      | Bought a potion of might for 52 gold pieces
  3659 | D:4      | Bought a potion of curing for 39 gold pieces
  3659 | D:4      | Bought a potion of degeneration for 13 gold pieces
  3712 | D:5      | Entered Level 5 of the Dungeon
  3737 | D:4      | Reached skill level 5 in Fighting
  3737 | D:4      | Reached XP level 7. HP: 48/56 MP: 7/7
  3955 | D:3      | Killed Zeld's ghost
  3964 | D:3      | Reached skill level 9 in Polearms
  4314 | D:5      | Identified the +1 robe of the Gusle {rPois rF- rN+ Stlth+}
  4528 | D:5      | Reached XP level 8. HP: 59/64 MP: 5/8
  4687 | D:6      | Reached skill level 10 in Polearms
  5010 | D:6      | Found a shimmering blue altar of Sif Muna.
  5138 | D:6      | Noticed Pikel
  5165 | D:6      | Killed Pikel
  5166 | D:6      | Reached skill level 12 in Polearms
  5283 | D:6      | Reached XP level 9. HP: 54/69 MP: 3/9
  6026 | D:6      | Found a staircase to the Ecumenical Temple.
  6446 | D:7      | Noticed a troll
  6455 | D:7      | Killed a troll
  6517 | D:7      | Noticed Joseph
  6527 | D:7      | Killed Joseph
  6528 | D:7      | Reached skill level 13 in Polearms
  6528 | D:7      | Reached skill level 5 in Armour
  6826 | D:7      | Noticed a manticore
  6844 | D:7      | Killed a manticore
  6845 | D:7      | Reached skill level 14 in Polearms
  7408 | D:7      | Noticed Menkaure
  7413 | D:7      | Killed Menkaure
  7414 | D:7      | Reached XP level 10. HP: 46/76 MP: 3/10
  7611 | D:7      | Reached skill level 15 in Polearms
  8039 | D:7      | Noticed Harold
  8053 | D:7      | Slain by Harold

Illustrated notes

Levels and vault maps discovered:
D:1:      elethiomel_arrival_maze, layout_loops_ring, hex_large,
          minmay_misc_feat_pillars
D:2:      layout_loops_ring
D:3:      layout_rooms, gammafunk_ghost_stat_death,
          shapermc_ecumenical_altar_venn, minmay_misc_feat_encased
D:4:      layout_loops_ring, chequers_temple_overflow_statue_of_worship,
          serial_shops, shop
D:5:      layout_cave_pools
D:6:      layout_layer_cave, lemuel_crystal_altar,
          minmay_temple_entry_from_below_a, st_stairs_8, uniq_pikel
D:7:      layout_basic, uniq_harold, uniq_menkaure, uniq_joseph

Skill      XL: |  1  2  3  4  5  6  7  8  9 10 |
---------------+-------------------------------+-----
Polearms       | 5 6 7 8 9 12 14 15 | 15.0
Armour         | 2 3 4 5 6 |  6.0
Fighting       | 4 5 6 |  6.0
Dodging        | |  2.6

Action                   |  1- 3 |  4- 6 |  7- 9 | 10-12 || total
-------------------------+-------+-------+-------+-------++-------
Melee: Spear             |    84 |   121 |     5 |       ||   210
       Trident           |       |       |    62 |       ||    62
       Halberd           |       |       |   178 |    31 ||   209
Throw: Dart              |    15 |     7 |     4 |       ||    26
Invok: Berserk           |     1 |     3 |     5 |       ||     9
       Trog's Hand       |       |       |     2 |       ||     2
Evoke: Wand              |       |       |     1 |       ||     1
  Use: Scroll            |       |       |    13 |     1 ||    14
       Potion            |       |       |     1 |       ||     1
 Stab: Sleeping          |     2 |       |       |       ||     2
       Paralysed         |       |       |     1 |       ||     1
       Distracted        |       |       |       |     1 ||     1
Armor: Animal skin       |     2 |       |       |       ||     2
       Plate armour      |     3 |    50 |    68 |       ||   121
       Chain mail        |       |       |   101 |     3 ||   104
Dodge: Dodged            |     8 |    23 |    77 |     5 ||   113

Table legend: (Time is in decaauts)
 A = Elapsed time spent in this place.
 B = Non-inter-level travel time spent in this place.
 C = Inter-level travel time spent in this place.
 D = Time resting spent in this place.
 E = Time spent auto-exploring this place.
 F = Levels seen in this place.
 G = Mean time per level.
                   A        B        C        D        E       F      G
               +--------+--------+--------+--------+--------+-----+--------+
         Total |   8040 |   7724 |    316 |    681 |   6116 |   7 | 1148.6 |
       Dungeon |   8040 |   7724 |    316 |    681 |   6116 |   7 | 1148.6 |
               +--------+--------+--------+--------+--------+-----+--------+

Top non-repeatable levels by time:
     D:6: 1750 daAuts
     D:7: 1628 daAuts
     D:4: 1183 daAuts
     D:2: 1147 daAuts
     D:1: 978 daAuts
     D:3: 858 daAuts
     D:5: 493 daAuts
